Map: Dusk Towers

Players

Foqueasy

  • Race: Protoss Protoss
  • League: Gold

LilDicky - Winner!

  • Race: Terran Terran
  • League: Diamond

VOD

http://www.twitch.tv/tumescentpie

Description

Time

  • Played on: Dec. 24, 2015, 7:17 p.m.
  • Length: 6:22
Show
View Real Time Build Order
Export as new Build Order

Foqueasy Protoss 

Build Orders: Double Forge 

Get SALT Encoding   

  12  0:01  Probe (Chrono Boost)  
  13  0:13  Probe (Chrono Boost)  
  14  0:18  Pylon  
  14  0:23  Probe (Chrono Boost)  
  15  0:36  Probe (Chrono Boost)  
  15  0:41  Gateway  
  16  0:47  Probe (Chrono Boost)  
  17  0:57  Probe (Chrono Boost), Assimilator  
  18  1:08  Probe (Chrono Boost)  
  19  1:18  Probe (Chrono Boost)  
  19  1:19  Assimilator  
  20  1:29  Probe (Chrono Boost)  
  20  1:30  Cybernetics Core  
  22  1:40  Probe (Chrono Boost), Pylon  
  22  1:54  Probe (Chrono Boost)  
  23  2:05  Probe (Chrono Boost)  
  23  2:07  Stalker (Chrono Boost), Warp Gate (Chrono Boost)  
  26  2:16  Probe  
  27  2:27  Nexus  
  27  2:35  Probe  
  27  2:36  Stalker  
  30  2:47  Probe  
  31  2:52  Pylon  
  31  3:01  Twilight Council  
  31  3:09  Pylon  
  31  3:10  Probe (Chrono Boost)  
  32  3:13  Stalker  
  34  3:22  Mothership Core (Chrono Boost)  
  36  3:27  Gateway  
  35  4:06  Blink (Chrono Boost)  
  35  4:10  Probe  
  35  4:11  Probe  
  35  4:14  Stalker  
  39  4:29  Stalker, Forge x2  
  41  4:39  Stalker  
  41  4:44  Gateway  
  43  4:48  Pylon  
  43  5:03  Pylon  
  43  5:04  Probe x2  
  43  5:06  Assimilator  
  45  5:20  Robotics Facility  
  45  5:21  Gateway  
  45  5:22  Pylon  
  45  5:26  Stalker  
  45  5:41  Stalker  
  45  5:50  Stalker  
  45  5:54  Probe  
  48  5:58  Probe, Assimilator  
  49  6:06  Stalker  
  49  6:08  Zealot  
Show
View Real Time Build Order
Export as new Build Order

LilDicky Terran - Winner!

Build Orders: MMM Bio 

Get SALT Encoding   

  12  0:07  SCV  
  13  0:19  SCV  
  14  0:23  Supply Depot  
  14  0:31  SCV  
  15  0:40  Refinery  
  15  0:50  SCV  
  15  0:54  Barracks  
  16  1:02  SCV  
  17  1:14  SCV  
  18  1:26  SCV  
  19  1:38  SCV  
  20  1:45  Supply Depot, Marine  
  21  1:50  SCV, Factory  
  22  2:03  Orbital Command  
  22  2:05  Marine  
  23  2:12  Barracks  
  23  2:13  Barracks  
  23  2:23  Marine  
  24  2:39  SCV  
  24  2:44  Refinery  
  24  2:54  SCV  
  24  2:57  Supply Depot  
  25  2:59  Barracks Reactor  
  25  3:01  Widow Mine  
  26  3:07  SCV, Barracks Tech Lab x2  
  27  3:19  SCV  
  28  3:31  SCV  
  29  3:42  Combat Shields, Stimpack  
  29  3:43  Marauder x2, Marine  
  29  3:44  SCV, Marine  
  36  3:49  Supply Depot  
  36  4:08  Marauder x2, Marine  
  39  4:10  Marine  
  39  4:11  SCV  
  39  4:12  Supply Depot  
  41  4:19  Starport  
  41  4:23  SCV  
  42  4:25  Marine  
  42  4:28  Marine  
  46  4:35  SCV  
  47  4:38  Supply Depot  
  47  4:45  Marauder x2  
  51  4:46  Marine  
  51  4:47  SCV  
  51  4:56  Marine  
  51  4:57  Medivac  
  51  4:59  SCV  
  55  5:06  Supply Depot  
  55  5:08  Marine, Marauder  
  55  5:11  SCV  
  59  5:15  Marine, Marauder  
  59  5:18  Concussive Shells  
  62  5:23  SCV  
  62  5:27  Medivac, Marine  
  66  5:29  Marauder  
  69  5:35  SCV  
  69  5:45  Marauder  
  71  5:53  Supply Depot  
  71  5:54  Marine x2  
  71  5:55  Marauder  
  75  5:59  SCV  
Tags
 
Add a new tag
Caveats
  • Supply blocks, unpowered buildings, or Contaminate may cause inaccurate times.
  • Supply counts are checked every 10 seconds.